[Event "Titled Tuesday Blitz August 22 Early 2023"]
[White "Kochiev, Ivan"]
[Black "ExchangeAB"]
[WhiteFideId "2917890"]
[WhiteElo "2570"]
[BlackElo "2411"]
[Result "1/2-1/2"]
[Round "8"]
[TimeControl "180+1"]
[Date "2023.08.22"]
[WhiteClock "0:00:06"]
[BlackClock "0:00:09"]
[Board "126"]

1. e4 c6 2. d4 d5 3. Nc3 dxe4 4. Nxe4 Bf5 5. Ng3 Bg6 6. Nf3 Nd7 7. h4 h6 8. h5 Bh7 9. Bd3 Bxd3 10. Qxd3 e6 11. Bd2 Ngf6 12. O-O-O Be7 13. Qe2 O-O 14. Kb1 b5 15. Ne4 Nxe4 16. Qxe4 Rc8 17. g4 Nf6 18. Qe2 Nd5 19. g5 hxg5 20. h6 g6 21. h7+ Kh8 22. Rdg1 Nf4 23. Qe4 Qd5 24. Nxg5 Qxe4 25. Nxe4 Ne2 26. Rd1 Nxd4 27. Bc3 e5 28. f4 b4 29. Bxd4 exd4 30. Rxd4 Rfd8 31. c3 bxc3 32. bxc3 Rxd4 33. cxd4 Rd8 34. Rd1 Kxh7 35. Kc2 Kg7 36. Kc3 Rd5 37. Rb1 Ra5 38. Rb7 Bf6 39. Nd6 Bxd4+ 40. Kb4 Rd5 41. Nxf7 Kf6 42. Ng5 Kf5 43. Rf7+ Kg4 44. Ne6 Bb6 45. Kc4 Rf5 46. Rg7 Rf6 47. Re7 Kf5 48. Ng7+ Kxf4 49. Ne8 Rf5 50. Nd6 Rc5+ 51. Kb4 Rh5 52. Nc8 g5 53. Rf7+ Kg3 54. Rf6 g4 55. Rxc6 Kh2 56. Nxb6 axb6 57. Rxb6 g3 58. Rg6 g2 59. a4 g1=Q 60. Rxg1 Kxg1 61. a5 Kf2 62. a6 Ke3 63. a7 Rh8 64. Kb5 Kd4 65. Kb6 Kd5 66. Kb7 Rh7+ 67. Kb8 Rh8+ 68. Kb7 Rh7+ 69. Kb8 Rxa7 70. Kxa7 1/2-1/2


[Site "https://www.chess.com"]

[Event "Titled Tuesday Blitz August 22 Early 2023"]
[White "Kozin, Yuri"]
[Black "Smiechu"]
[WhiteFideId "4129920"]
[WhiteElo "2557"]
[BlackElo "2403"]
[Result "1-0"]
[Round "8"]
[TimeControl "180+1"]
[Date "2023.08.22"]
[WhiteClock "0:01:39"]
[BlackClock "0:01:17"]
[Board "127"]

1. e4 c5 2. Nf3 g6 3. d4 cxd4 4. Nxd4 Nc6 5. Nc3 Bg7 6. Be3 Nf6 7. Bc4 O-O 8. Bb3 d6 9. h3 Bd7 10. O-O Rc8 11. Re1 Na5 12. Bg5 Nc4 13. Bxc4 Rxc4 14. Qd3 b5 15. Ndxb5 Bxb5 16. Nxb5 Rc5 17. Be3 Rc8 18. Nxa7 Ra8 19. Nc6 Qc7 20. Nd4 Nd7 21. c3 Qb7 22. Nb3 Rfc8 23. Bd4 Ne5 24. Qe2 Ra6 25. f4 Nc6 26. Bxg7 Kxg7 27. e5 dxe5 28. fxe5 Rca8 29. Nc5 Qb6 30. Qf2 Rxa2 31. Rxa2 1-0


[Site "https://www.chess.com"]

[Event "Titled Tuesday Blitz August 22 Early 2023"]
[White "Mihailidis, Anastasios"]
[Black "Bogaudinov, Rushan"]
[WhiteFideId "4205588"]
[BlackFideId "4129288"]
[WhiteElo "2530"]
[BlackElo "2401"]
[Result "1-0"]
[Round "8"]
[TimeControl "180+1"]
[Date "2023.08.22"]
[WhiteClock "0:00:01"]
[BlackClock "0:00:00"]
[Board "128"]

1. e4 a6 2. d4 e6 3. c4 d6 4. Nc3 c5 5. dxc5 dxc5 6. Qxd8+ Kxd8 7. Be3 Nc6 8. O-O-O+ Kc7 9. f4 Nf6 10. Nf3 h6 11. h3 Nh5 12. g4 Ng3 13. Rg1 Nxf1 14. Rgxf1 Be7 15. e5 b6 16. Ne4 Bb7 17. Nd6 Rhf8 18. Rd2 f6 19. Nxb7 fxe5 20. fxe5 Nxe5 21. Nxe5 Rxf1+ 22. Kc2 Kxb7 23. Rd7+ Kc8 24. Rxe7 Rh1 25. Bf4 Rxh3 26. Nf7 Rf3 27. Rc7+ Kb8 28. Bd6 Ra7 29. Rc6+ Ka8 30. Nd8 Rd7 31. Rc8+ Ka7 32. Bb8+ Ka8 33. Bc7+ Ka7 34. Bb8+ Ka8 35. Be5+ Ka7 36. Nxe6 Re3 37. Nf8 Re7 38. Bc3 Kb7 39. Rd8 b5 40. cxb5 axb5 41. a3 Re8 42. Rd7+ Kc6 43. Rf7 Re2+ 44. Kb3 c4+ 45. Kb4 g5 46. Rf6+ Kd5 47. Nd7 Ke4 48. Nc5+ Ke3 49. Kxb5 Rb8+ 50. Kxc4 Rc8 51. Re6+ Kf2 52. Bd4+ Kf1 53. Rf6+ Kg2 54. Kd5 Kh3 55. Rxh6+ Kxg4 56. Rd6 Rce8 57. b4 Rd2 58. b5 Kf3 59. b6 g4 60. b7 g3 61. Rf6+ Kg4 62. Rg6+ Kf5 63. Rxg3 Rd8+ 64. Kc6 R2xd4 65. Rb3 Rc4 66. b8=Q Rxb8 67. Rxb8 Ke5 68. a4 Kd4 69. Rb5 Kc3 70. a5 Kd4 71. a6 Rc1 72. a7 Ra1 73. Kb6 Kc4 74. Ra5 Rb1+ 75. Kc7 Kb4 76. a8=Q Rc1 77. Qb7+ Kc4 78. Qb3+ Kd4 79. Qd3+ Ke5 80. Kb7 1-0


[Site "https://www.chess.com"]

[Event "Titled Tuesday Blitz August 22 Early 2023"]
[White "Cheer_Down"]
[Black "Najdin, Danil"]
[BlackFideId "4172426"]
[WhiteElo "2399"]
[BlackElo "2521"]
[Result "0-1"]
[Round "8"]
[TimeControl "180+1"]
[Date "2023.08.22"]
[WhiteClock "0:00:00"]
[BlackClock "0:00:12"]
[Board "129"]

1. e4 g6 2. d4 c6 3. Nc3 d5 4. Nf3 Bg7 5. h3 dxe4 6. Nxe4 Nd7 7. Bc4 Ngf6 8. Neg5 O-O 9. Qe2 Nb6 10. Bb3 a5 11. a3 a4 12. Ba2 Bf5 13. O-O h6 14. Nxf7 Rxf7 15. Ne5 Nbd5 16. Nxf7 Kxf7 17. c3 b5 18. Re1 Qd6 19. Qf3 Kg8 20. Bf4 Qd7 21. Be5 Kh7 22. Re2 Rf8 23. Rae1 h5 24. Qg3 e6 25. Bd6 Rf7 26. Be5 Bh6 27. Bb1 g5 28. Bxf5+ exf5 29. Qd3 Ne4 30. f3 Nd6 31. Bxd6 Qxd6 32. Re6 Qd7 33. R1e5 Nf4 34. Qe3 Nxe6 35. Rxe6 Bg7 36. Qe2 Bf6 37. g4 hxg4 38. hxg4 fxg4 39. fxg4 Kg7 40. Qe4 Re7 41. Rxe7+ Bxe7 42. Kg2 Bf6 43. Kf3 Qd5 0-1


[Site "https://www.chess.com"]

[Event "Titled Tuesday Blitz August 22 Early 2023"]
[White "Carrasco Miranda, Andres"]
[Black "Boraso, Alessio"]
[WhiteFideId "3405990"]
[BlackFideId "848077"]
[WhiteElo "2399"]
[BlackElo "2510"]
[Result "0-1"]
[Round "8"]
[TimeControl "180+1"]
[Date "2023.08.22"]
[WhiteClock "0:00:33"]
[BlackClock "0:00:12"]
[Board "130"]

1. d4 Nc6 2. Nf3 d6 3. c4 Nf6 4. Nc3 Bf5 5. d5 Nb8 6. g3 g6 7. Bg2 Bg7 8. O-O O-O 9. Nd4 Bd7 10. b3 c5 11. dxc6 Nxc6 12. Bb2 Qa5 13. e4 Rac8 14. Re1 Bg4 15. Qd2 Qh5 16. Nxc6 bxc6 17. Ne2 Bxe2 18. Qxe2 Qxe2 19. Rxe2 Nd7 20. Bxg7 Kxg7 21. Bh3 Rc7 22. Bxd7 Rxd7 23. Rd1 Rfd8 24. Red2 a5 25. f4 f6 26. Kf2 Kf7 27. Ke3 c5 28. e5 Ke6 29. exd6 Rxd6 30. Rxd6+ Rxd6 31. Rxd6+ Kxd6 32. Ke4 f5+ 33. Kd3 e5 34. fxe5+ Kxe5 35. a3 g5 36. h4 gxh4 37. gxh4 f4 38. h5 h6 39. Kc3 Ke4 40. Kd2 Kd4 41. Ke2 Kc3 42. Kf3 Kxb3 43. Kxf4 Kxc4 44. Kf5 Kd5 45. Kg6 c4 46. Kxh6 c3 47. Kg7 c2 48. h6 c1=Q 49. h7 Kc4 50. h8=Q Qa1+ 51. Kg8 Qxh8+ 52. Kxh8 Kb3 53. Kg7 Kxa3 54. Kf6 Kb3 55. Ke5 a4 56. Kd4 a3 57. Kd3 Kb2 58. Kd2 a2 59. Kd3 a1=Q 60. Kc4 Qa5 61. Kd3 Qe5 62. Kc4 Kc2 0-1


[Site "https://www.chess.com"]

[Event "Titled Tuesday Blitz August 22 Early 2023"]
[White "pasteta13"]
[Black "Bilan, Danila"]
[BlackFideId "24161918"]
[WhiteElo "2399"]
[BlackElo "2509"]
[Result "1-0"]
[Round "8"]
[TimeControl "180+1"]
[Date "2023.08.22"]
[WhiteClock "0:00:10"]
[BlackClock "0:00:02"]
[Board "131"]

1. e4 c6 2. Nf3 d5 3. exd5 cxd5 4. d4 Nc6 5. c4 Nf6 6. Nc3 Bg4 7. cxd5 Nxd5 8. Bb5 e6 9. h3 Bxf3 10. Qxf3 Rc8 11. O-O Be7 12. Bxc6+ Rxc6 13. Be3 Nxc3 14. bxc3 Qd5 15. Qg3 O-O 16. Bd2 Rfc8 17. Rfb1 Rc4 18. a4 a6 19. Rb6 Bd8 20. Rd6 Qf5 21. Rd7 Bc7 22. Qg4 Qxg4 23. hxg4 Kf8 24. d5 exd5 25. Re1 Rd8 26. Ree7 Rxd7 27. Rxd7 Ke8 28. Rxd5 Rxa4 29. f3 Bg3 30. Kf1 Rc4 31. Ke2 b5 32. Rh5 h6 33. g5 Rc5 34. gxh6 Rxh5 35. hxg7 Re5+ 36. Kd1 Rd5 37. g8=Q+ Ke7 38. Qxg3 Rd6 39. Qg5+ f6 40. Qc5 Kd7 41. Kc2 Rc6 42. Qa7+ Kd6 43. Bf4+ Kd5 44. Qd4+ Ke6 45. Qe4+ Kd7 46. Qd5+ Rd6 47. Qxd6+ 1-0


[Site "https://www.chess.com"]

[Event "Titled Tuesday Blitz August 22 Early 2023"]
[White "Sanduleac, Vasile"]
[Black "Polaczek, Richard"]
[WhiteFideId "13900161"]
[BlackFideId "200026"]
[WhiteElo "2501"]
[BlackElo "2393"]
[Result "1/2-1/2"]
[Round "8"]
[TimeControl "180+1"]
[Date "2023.08.22"]
[WhiteClock "0:02:32"]
[BlackClock "0:02:14"]
[Board "132"]

1. e4 Nf6 2. d3 d5 3. Nd2 e5 4. Ngf3 Nc6 5. Be2 a5 6. O-O Be7 7. c3 O-O 8. Qc2 Re8 9. Re1 Bf8 10. b3 h6 11. Bb2 dxe4 12. dxe4 Bc5 13. Rad1 Qe7 14. h3 Be6 15. Nf1 Red8 16. Ng3 Rxd1 17. Rxd1 Rd8 18. Rxd8+ Qxd8 19. Bb5 Na7 20. Bf1 Nc6 21. Bb5 Na7 22. Bf1 Nc6 23. Bb5 1/2-1/2


[Site "https://www.chess.com"]

[Event "Titled Tuesday Blitz August 22 Early 2023"]
[White "Tikhonov, Viacheslav"]
[Black "Prudnykova, Olga"]
[WhiteFideId "44196407"]
[BlackFideId "14121093"]
[WhiteElo "2500"]
[BlackElo "2390"]
[Result "1-0"]
[Round "8"]
[TimeControl "180+1"]
[Date "2023.08.22"]
[WhiteClock "0:00:38"]
[BlackClock "0:00:12"]
[Board "133"]

1. d4 Nf6 2. c4 g6 3. Nc3 d5 4. cxd5 Nxd5 5. Bd2 Nb6 6. e4 Qxd4 7. Nf3 Qd8 8. Qc2 c6 9. Rd1 N8d7 10. a4 a5 11. h4 h5 12. Bf4 Bg7 13. Be2 O-O 14. Ng5 Qe8 15. Qb3 e5 16. Be3 Qd8 17. g4 hxg4 18. h5 gxh5 19. Rxh5 Qc7 20. Bxg4 Nf6 21. Bxb6 Qe7 22. Bxc8 Nxh5 23. Nxf7 Kh7 24. Bf5+ Kg8 25. Nxe5+ Rf7 26. Nxf7 Nf4 27. Rd7 Qb4 28. Nh6+ Kh8 29. Qg8+ Rxg8 30. Nf7# 1-0


[Site "https://www.chess.com"]

[Event "Titled Tuesday Blitz August 22 Early 2023"]
[White "Rego, Pedro Filipe"]
[Black "Perez, Maximiliano"]
[WhiteFideId "1904310"]
[BlackFideId "117234"]
[WhiteElo "2384"]
[BlackElo "2499"]
[Result "0-1"]
[Round "8"]
[TimeControl "180+1"]
[Date "2023.08.22"]
[WhiteClock "0:00:11"]
[BlackClock "0:00:11"]
[Board "134"]

1. e4 c6 2. d4 d5 3. e5 c5 4. dxc5 Nc6 5. Nf3 Bg4 6. c3 e6 7. b4 Nxe5 8. Nxe5 Bxd1 9. Bb5+ Ke7 10. Kxd1 f6 11. Nf3 Kf7 12. Be3 Ne7 13. Nbd2 Nf5 14. Re1 Nxe3+ 15. Rxe3 e5 16. Nb3 g6 17. Ke1 Bh6 18. Re2 a6 19. Ba4 Qc7 20. Rd1 Rhd8 21. Na5 b5 22. Bb3 Rac8 23. a4 bxa4 24. Bxa4 Kg7 25. Nc6 Rf8 26. Rxd5 Rf7 27. g4 Bf4 28. g5 fxg5 29. Nfxe5 Bxe5 30. Rexe5 Rcf8 31. Nd4 Re7 32. Ne6+ Rxe6 33. Rxe6 Qxh2 34. Rd7+ Kh6 35. Re2 Qg1+ 36. Kd2 Rxf2 37. c6 Rxe2+ 38. Kxe2 Qg4+ 39. Kd3 Qf3+ 40. Kc4 g4 41. c7 Qb7 42. Kc5 g3 43. Bc6 Qc8 44. Kb6 g2 45. Rd8 g1=Q+ 46. Ka5 Qxc7+ 47. Kxa6 Qgb6# 0-1


[Site "https://www.chess.com"]

[Event "Titled Tuesday Blitz August 22 Early 2023"]
[White "Kovalevsky, Stanislav"]
[Black "Yuruultei Batbaatar"]
[WhiteFideId "13508598"]
[BlackFideId "4905962"]
[WhiteElo "2497"]
[BlackElo "2384"]
[Result "1-0"]
[Round "8"]
[TimeControl "180+1"]
[Date "2023.08.22"]
[WhiteClock "0:01:12"]
[BlackClock "0:00:05"]
[Board "135"]

1. e4 c5 2. f4 e6 3. Nc3 Nc6 4. Nf3 g6 5. h4 Bg7 6. h5 Nge7 7. h6 Bd4 8. e5 Nf5 9. Ne4 O-O 10. c3 d5 11. Nf6+ Kh8 12. cxd4 cxd4 13. Ng5 d3 14. Nfxh7 Nb4 15. Qb3 Nd4 16. Qc3 Nbc2+ 17. Kd1 Bd7 18. Nxf8 Qxf8 19. Bxd3 Rc8 20. Qxc8 Bxc8 21. Bxc2 Nxc2 22. Kxc2 Bd7 23. d4 Bb5 24. Bd2 Qc8+ 25. Bc3 Qc4 26. Nxf7+ Kh7 27. Ng5+ Kh8 28. h7 Qd3+ 29. Kc1 Qe3+ 30. Bd2 Qxd4 31. Nf7+ Kg7 32. h8=Q+ Kxf7 33. Rh7# 1-0


[Site "https://www.chess.com"]

[Event "Titled Tuesday Blitz August 22 Early 2023"]
[White "Kuzmin, Roman"]
[Black "Gheorghiu, Calin"]
[WhiteFideId "44134932"]
[BlackFideId "1200305"]
[WhiteElo "2495"]
[BlackElo "2383"]
[Result "1-0"]
[Round "8"]
[TimeControl "180+1"]
[Date "2023.08.22"]
[WhiteClock "0:00:03"]
[BlackClock "0:00:00"]
[Board "136"]

1. e4 c6 2. d4 d5 3. Nc3 dxe4 4. Nxe4 Nf6 5. Nxf6+ exf6 6. c3 Bd6 7. Bd3 Qc7 8. Qc2 h6 9. Ne2 O-O 10. Bd2 b6 11. O-O-O Bb7 12. h4 c5 13. Rhg1 Re8 14. Be3 Nc6 15. g4 cxd4 16. Nxd4 Nxd4 17. Bxd4 Be5 18. g5 fxg5 19. hxg5 hxg5 20. Kb1 Bxd4 21. Bh7+ Kf8 22. Rxd4 Rad8 23. Qd2 Rxd4 24. Qxd4 Qe5 25. Qb4+ Re7 26. Rd1 Qc5 27. Qg4 f6 28. Bg6 Qc7 29. Qd4 Re5 30. Qb4+ Qc5 31. Qa4 b5 32. Qa5 Qe7 33. Rd8+ 1-0


[Site "https://www.chess.com"]

[Event "Titled Tuesday Blitz August 22 Early 2023"]
[White "Ovezdurdyyeva, Jemal"]
[Black "Gogolev, Artem"]
[WhiteFideId "14001888"]
[BlackFideId "4116615"]
[WhiteElo "2382"]
[BlackElo "2492"]
[Result "0-1"]
[Round "8"]
[TimeControl "180+1"]
[Date "2023.08.22"]
[WhiteClock "0:00:16"]
[BlackClock "0:01:20"]
[Board "137"]

1. e4 e5 2. Nf3 Nc6 3. Bc4 Nf6 4. d3 Bc5 5. O-O h6 6. h3 a6 7. c3 Ba7 8. Be3 d6 9. Na3 O-O 10. Qe2 Be6 11. b4 Re8 12. Rab1 Qd7 13. Rfd1 d5 14. exd5 Nxd5 15. Bxa7 Nxc3 16. Qe3 Nxb1 17. Rxb1 Nxa7 18. Nxe5 Qa4 19. Qc1 Bxc4 20. Naxc4 b5 21. Qf4 f6 0-1


[Site "https://www.chess.com"]

[Event "Titled Tuesday Blitz August 22 Early 2023"]
[White "Bifulco, Michel"]
[Black "Yurasova, Daria"]
[WhiteFideId "828580"]
[BlackFideId "34146919"]
[WhiteElo "2380"]
[BlackElo "2492"]
[Result "0-1"]
[Round "8"]
[TimeControl "180+1"]
[Date "2023.08.22"]
[WhiteClock "0:00:00"]
[BlackClock "0:01:34"]
[Board "138"]

1. d4 d5 2. c4 dxc4 3. Nf3 Nf6 4. e3 e6 5. Bxc4 a6 6. O-O b5 7. Bd3 Bb7 8. a4 b4 9. Nbd2 Nbd7 10. Qe2 c5 11. Rd1 Qc7 12. b3 Be7 13. Bb2 O-O 14. Rac1 Nd5 15. Nc4 Rac8 16. a5 Qb8 17. Nfe5 N7f6 18. Bb1 Rfd8 19. Qd3 cxd4 20. exd4 Nf4 21. Qe3 Nxg2 22. Qg3 Nh5 23. Qd3 g6 24. Nb6 Rxc1 25. Rxc1 Nhf4 26. Qd2 Bg5 27. Qd1 Nh3+ 28. Kf1 Bxc1 29. Bxc1 Qxe5 30. Be3 Nxe3+ 31. fxe3 Qxh2 0-1


[Site "https://www.chess.com"]

[Event "Titled Tuesday Blitz August 22 Early 2023"]
[White "Slovineanu, Viacheslav"]
[Black "Dinosaurio_1975"]
[WhiteFideId "13900510"]
[WhiteElo "2381"]
[BlackElo "2491"]
[Result "1-0"]
[Round "8"]
[TimeControl "180+1"]
[Date "2023.08.22"]
[WhiteClock "0:00:05"]
[BlackClock "0:00:57"]
[Board "139"]

1. d4 d5 2. Nf3 e6 3. c4 Nf6 4. e3 Be7 5. b3 O-O 6. Bd3 b6 7. O-O Bb7 8. Bb2 Nbd7 9. Nc3 dxc4 10. bxc4 c5 11. Qe2 Rc8 12. Rad1 Qc7 13. Ne5 Rfd8 14. f4 cxd4 15. exd4 Nf8 16. f5 a6 17. fxe6 Nxe6 18. d5 Nd4 19. Qe1 Bc5 20. Kh1 Re8 21. Rxf6 Rxe5 22. Qg3 Qe7 23. Rff1 Rg5 24. Qh3 h6 25. Ne4 Re5 26. Nxc5 bxc5 27. Bxd4 cxd4 28. Qg3 Re8 29. h3 Re3 30. Qg4 Bc8 31. Qxd4 Qg5 32. Rf3 Rxf3 33. gxf3 Bxh3 34. Rg1 Qh5 35. Qxg7# 1-0


[Site "https://www.chess.com"]

[Event "Titled Tuesday Blitz August 22 Early 2023"]
[White "Khamdamova, Afruza"]
[Black "Rodriguez Fontecha, Marcos"]
[WhiteFideId "14210444"]
[BlackFideId "2256576"]
[WhiteElo "2491"]
[BlackElo "2379"]
[Result "1-0"]
[Round "8"]
[TimeControl "180+1"]
[Date "2023.08.22"]
[WhiteClock "0:00:16"]
[BlackClock "0:00:00"]
[Board "140"]

1. e4 e6 2. d4 d5 3. Nd2 Nf6 4. e5 Nfd7 5. Bd3 c5 6. c3 Nc6 7. Ne2 cxd4 8. cxd4 f6 9. exf6 Qxf6 10. Nf3 h6 11. O-O Bd6 12. Ng3 O-O 13. Be3 Rd8 14. Nh5 Qf7 15. Nh4 Nf8 16. Ng3 Bd7 17. Rc1 Be8 18. Bb1 Qf6 19. Nf3 Rac8 20. Qe2 a6 21. Rfd1 Bg6 22. Bxg6 Nxg6 23. Qd3 Nb4 24. Qb3 b5 25. a3 Nc6 26. Rc3 Na5 27. Qc2 Rxc3 28. Qxc3 Nc4 29. Bc1 Kh7 30. b3 Nb6 31. Qa5 Bc7 32. Qxa6 Nf4 33. Qxb5 h5 34. Bxf4 Qxf4 35. Nxh5 Qe4 36. Ng3 Qc2 37. Qd3+ Qxd3 38. Rxd3 Nc8 39. Ng5+ Kg6 40. Nxe6 Rd7 41. Nf8+ 1-0


[Site "https://www.chess.com"]

[Event "Titled Tuesday Blitz August 22 Early 2023"]
[White "Tanwir, Furqan"]
[Black "arenal72"]
[WhiteFideId "2023962"]
[WhiteElo "2373"]
[BlackElo "2489"]
[Result "0-1"]
[Round "8"]
[TimeControl "180+1"]
[Date "2023.08.22"]
[WhiteClock "0:01:31"]
[BlackClock "0:01:27"]
[Board "141"]

1. e4 Nc6 2. d4 d5 3. e5 Bf5 4. Ne2 Qd7 5. Ng3 Bg6 6. c3 f6 7. f4 O-O-O 8. Be2 e6 9. Nd2 h5 10. Bxh5 Bxh5 11. Nxh5 g5 12. exf6 gxf4 13. O-O Bd6 14. Nb3 Qh7 15. f7 Nge7 16. Rxf4 Bxf4 17. Nxf4 Qxh2+ 18. Kf1 Rdf8 19. Qg4 Nf5 20. Nxe6 Rxf7 21. Bf4 Ne3+ 22. Ke2 Nxg4 23. Bxh2 Rxh2 0-1


[Site "https://www.chess.com"]

[Event "Titled Tuesday Blitz August 22 Early 2023"]
[White "Konenkin, Dmitry"]
[Black "slidingknight2775"]
[WhiteFideId "4185781"]
[WhiteElo "2377"]
[BlackElo "2489"]
[Result "1-0"]
[Round "8"]
[TimeControl "180+1"]
[Date "2023.08.22"]
[WhiteClock "0:00:13"]
[BlackClock "0:00:15"]
[Board "142"]

1. d4 Nf6 2. Bg5 d5 3. Nd2 c5 4. e3 Nc6 5. Ngf3 Qb6 6. dxc5 Qxb2 7. Rb1 Qc3 8. Bd3 Qxc5 9. O-O Bg4 10. Rxb7 e5 11. Bb5 a6 12. Ba4 Rc8 13. h3 Bd7 14. Bxf6 gxf6 15. Qb1 Be7 16. c4 d4 17. exd4 exd4 18. Re1 Rd8 19. Ne4 Qh5 20. Nxf6+ Kf8 21. Nxh5 Nb8 22. Bxd7 Nxd7 23. Qf5 Nf6 24. Rbxe7 Rd6 25. Re8+ Nxe8 26. Qe5 Re6 27. Qxh8+ Ke7 28. Rxe6+ fxe6 29. Qxh7+ Kd6 30. Qg8 Nc7 31. Qd8+ Kc6 32. Ne5+ Kb6 33. Qxd4+ Ka5 34. Nf6 Nb5 35. cxb5 Kxb5 36. h4 a5 37. h5 a4 38. h6 a3 39. h7 Ka6 40. h8=Q Kb7 41. Qhd8 Ka6 42. Q8b6# 1-0


[Site "https://www.chess.com"]

[Event "Titled Tuesday Blitz August 22 Early 2023"]
[White "Wang2007"]
[Black "Devaev, Alexander"]
[BlackFideId "4169395"]
[WhiteElo "2372"]
[BlackElo "2488"]
[Result "0-1"]
[Round "8"]
[TimeControl "180+1"]
[Date "2023.08.22"]
[WhiteClock "0:00:01"]
[BlackClock "0:00:53"]
[Board "143"]

1. d4 Nf6 2. c4 e6 3. Nf3 c5 4. g3 cxd4 5. Nxd4 Nc6 6. Bg2 Be7 7. O-O O-O 8. Nc3 Ne5 9. b3 d6 10. Bb2 a6 11. Rc1 Qc7 12. e3 Rb8 13. Qe2 Re8 14. Rfd1 Bf8 15. h3 h6 16. f4 Ng6 17. e4 b6 18. e5 dxe5 19. Nc6 exf4 20. Nxb8 Qxb8 21. Ne4 Nxe4 22. Qxe4 fxg3 23. Rf1 f5 24. Qe3 Nh4 25. Rcd1 Nxg2 26. Kxg2 Bb7+ 27. Kg1 Ba8 28. Be5 Qb7 29. Qxg3 b5 30. Kh2 Qf7 31. Rg1 Rc8 32. Rd4 g5 33. h4 g4 34. Rxg4+ fxg4 35. Qxg4+ Kh7 36. Qd4 0-1


[Site "https://www.chess.com"]

[Event "Titled Tuesday Blitz August 22 Early 2023"]
[White "laidfrq"]
[Black "Czerw, Dawid"]
[BlackFideId "1145746"]
[WhiteElo "2361"]
[BlackElo "2487"]
[Result "1-0"]
[Round "8"]
[TimeControl "180+1"]
[Date "2023.08.22"]
[WhiteClock "0:00:55"]
[BlackClock "0:00:41"]
[Board "144"]

1. e4 c5 2. Nf3 g6 3. d4 cxd4 4. Qxd4 f6 5. Bc4 Nc6 6. Qc3 e6 7. O-O Bg7 8. Bf4 Nge7 9. Bd6 O-O 10. Nbd2 a6 11. a4 b6 12. Rad1 Bb7 13. Rfe1 Rc8 14. Qd3 Na5 15. Bxa6 Bxa6 16. Qxa6 Rxc2 17. b4 Nac6 18. Qd3 Rb2 19. Qa3 f5 20. e5 Rxd2 21. Nxd2 Re8 22. Nc4 Nd5 23. b5 Na7 24. Ne3 Nf4 25. g3 Nh3+ 26. Kg2 Ng5 27. Nc4 Nc8 28. Qe3 Bh6 29. f4 Ne4 30. Bb4 g5 31. Qd4 d5 32. exd6 gxf4 33. d7 f3+ 34. Kxf3 Rf8 35. Bxf8 Bxf8 36. dxc8=Q Qxc8 37. Rxe4 fxe4+ 38. Qxe4 Qc5 39. Qxe6+ Kh8 40. Qe5+ 1-0


[Site "https://www.chess.com"]

[Event "Titled Tuesday Blitz August 22 Early 2023"]
[White "Itkis, Boris"]
[Black "Okike, David"]
[WhiteFideId "1209167"]
[BlackFideId "8500134"]
[WhiteElo "2482"]
[BlackElo "2367"]
[Result "1-0"]
[Round "8"]
[TimeControl "180+1"]
[Date "2023.08.22"]
[WhiteClock "0:01:45"]
[BlackClock "0:01:41"]
[Board "145"]

1. c4 e5 2. Nf3 Nc6 3. Nc3 Nf6 4. e4 Bc5 5. Nxe5 Nxe5 6. d4 Bb4 7. dxe5 Nxe4 8. Qf3 Nxc3 9. bxc3 Be7 10. Bf4 O-O 11. Bd3 f5 12. O-O c6 13. Rad1 Qa5 14. Bb1 Qc5 15. Qd3 Rf7 16. Rfe1 a5 17. g3 a4 18. h4 Qa5 19. h5 Qd8 20. g4 g6 21. e6 Rf8 22. exd7 fxg4 23. hxg6 Rxf4 24. gxh7+ Kh8 25. Rxe7 Qxe7 26. d8=Q+ Qxd8 27. Qxd8+ 1-0


[Site "https://www.chess.com"]

[Event "Titled Tuesday Blitz August 22 Early 2023"]
[White "Pace, Christopher"]
[Black "Shuvalov, Evgenij"]
[WhiteFideId "2610167"]
[BlackFideId "4187237"]
[WhiteElo "2344"]
[BlackElo "2471"]
[Result "1-0"]
[Round "8"]
[TimeControl "180+1"]
[Date "2023.08.22"]
[WhiteClock "0:00:05"]
[BlackClock "0:00:00"]
[Board "146"]

1. e4 e6 2. d3 d5 3. Nd2 c5 4. Ngf3 Nc6 5. g3 Nf6 6. Bg2 Be7 7. O-O O-O 8. Re1 b5 9. a4 bxa4 10. e5 Nd7 11. Nf1 a5 12. Rxa4 Ba6 13. h4 Nb4 14. N1h2 Bb5 15. Ra1 a4 16. Bf1 d4 17. h5 h6 18. Ng4 Bc6 19. Bg2 Qc7 20. Bf4 Qb7 21. c3 dxc3 22. bxc3 Nd5 23. Bd2 a3 24. Qc1 Qb2 25. Bxh6 gxh6 26. Qxh6 Qxc3 27. Ng5 Bxg5 28. Qxg5+ Kh8 29. Qh6+ Kg8 30. Be4 f5 31. Qxe6+ Kh8 32. Qh6+ Kg8 33. Qg6+ Kh8 34. Qh6+ Kg8 35. Qxc6 fxe4 36. Qxd5+ Kh8 37. Qxd7 Qxd3 38. Qe6 Ra6 39. Qe7 Rg8 40. Qh4 Qf3 41. Nf6 Rg7 42. Re3 Qf5 43. Rae1 a2 44. Ra1 Qxe5 45. Rxa2 Rxa2 46. Rxe4 Ra1+ 47. Kg2 Qxe4+ 48. Qxe4 1-0


[Site "https://www.chess.com"]

[Event "Titled Tuesday Blitz August 22 Early 2023"]
[White "Kaganskiy, Gleb"]
[Black "Omariev, Maksim"]
[WhiteFideId "4132025"]
[BlackFideId "4193423"]
[WhiteElo "2322"]
[BlackElo "2468"]
[Result "1-0"]
[Round "8"]
[TimeControl "180+1"]
[Date "2023.08.22"]
[WhiteClock "0:01:08"]
[BlackClock "0:00:00"]
[Board "147"]

1. e4 c5 2. Nf3 d6 3. Nc3 Nf6 4. e5 dxe5 5. Nxe5 Nbd7 6. d4 Nxe5 7. dxe5 Qxd1+ 8. Nxd1 Ng4 9. f4 h5 10. Ne3 Bd7 11. h3 Nxe3 12. Bxe3 e6 13. Be2 O-O-O 14. O-O-O h4 15. Bf3 Be7 16. Rd2 b6 17. Rhd1 f5 18. Bb7+ Kc7 19. Bf3 Rhg8 20. b3 g5 21. fxg5 Rxg5 22. Bxg5 Bxg5 23. Kb2 Bxd2 24. Rxd2 Rg8 25. Kc3 Rg3 26. Rd3 1-0


[Site "https://www.chess.com"]

[Event "Titled Tuesday Blitz August 22 Early 2023"]
[White "Seletsky, Grigory"]
[Black "Osinovsky, Stepan"]
[WhiteFideId "14112191"]
[BlackFideId "4157354"]
[WhiteElo "2465"]
[BlackElo "2318"]
[Result "1-0"]
[Round "8"]
[TimeControl "180+1"]
[Date "2023.08.22"]
[WhiteClock "0:01:23"]
[BlackClock "0:00:00"]
[Board "148"]

1. e4 e5 2. Nf3 Nc6 3. Bc4 Nf6 4. d3 Be7 5. O-O d5 6. exd5 Nxd5 7. h3 O-O 8. Re1 Bf6 9. Nbd2 g6 10. Ne4 Bg7 11. Bg5 f6 12. Bd2 Kh8 13. a4 a5 14. c3 b6 15. Qb3 Nde7 16. Rad1 Bb7 17. Bc1 Qd7 18. d4 exd4 19. Nxd4 Nxd4 20. Rxd4 Qf5 21. Be6 Qe5 22. f4 Qh5 23. Bg4 Qh6 24. f5 g5 25. Nd6 Nc6 26. Nxb7 Nxd4 27. cxd4 Rae8 28. Be3 Qh4 29. Qd1 Re7 30. Bf2 Rxe1+ 31. Qxe1 Qh6 32. Qe7 Rb8 33. Qxc7 Rg8 34. Nd6 Rf8 35. Nf7+ Rxf7 36. Qxf7 1-0


[Site "https://www.chess.com"]

[Event "Titled Tuesday Blitz August 22 Early 2023"]
[White "laimis61"]
[Black "Yeritsyan, Hayk"]
[BlackFideId "13307320"]
[WhiteElo "2287"]
[BlackElo "2455"]
[Result "1-0"]
[Round "8"]
[TimeControl "180+1"]
[Date "2023.08.22"]
[WhiteClock "0:01:24"]
[BlackClock "0:00:59"]
[Board "149"]

1. e4 d6 2. d4 Nf6 3. Nc3 Nbd7 4. Nf3 e5 5. Rg1 Be7 6. g4 c6 7. Be3 Qc7 8. Qd2 a6 9. O-O-O b5 10. g5 Nh5 11. h4 b4 12. Ne2 a5 13. Kb1 Ba6 14. Nc1 Bxf1 15. Rgxf1 O-O 16. Nd3 exd4 17. Nxd4 Ne5 18. Nf5 Nc4 19. Qe2 Rfe8 20. Qxh5 g6 21. Nh6+ Kg7 22. Qf3 Rf8 23. Ng4 Ne5 24. Bd4 f5 25. gxf6+ Bxf6 26. Nxf6 Rxf6 27. Qg3 Re8 28. f4 1-0


[Site "https://www.chess.com"]